 Dungeon Crawl Stone Soup version 0.27-a0-287-gd4424db430 (webtiles) character file.

Game seed: 10346353772977305553

75 hatsuma the Slasher (level 3, -1/29 HPs)
             Began as a Demigod Warper on Feb 8, 2021.
             Slain by a worm (10 damage)
             ... on level 2 of the Dungeon on Feb 9, 2021.
             The game lasted 00:15:41 (1812 turns).

hatsuma the Slasher (Demigod Warper)                Turns: 1812, Time: 00:15:42

Health: -1/29      AC:  3    Str: 16    XL:     3   Next: 88%
Magic:  8/8        EV: 12    Int: 17    God:
Gold:   131        SH:  0    Dex: 15    Spells: 3/5 levels left

rFire    . . .     SeeInvis .   a - +0 falchion
rCold    . . .     Faith    .   (no shield)
rNeg     . . .     Spirit   .   b - +0 leather armour
rPois    .         Reflect  .   (no helmet)
rElec    .         Harm     .   (no cloak)
rCorr    .         Rampage  .   (no gloves)
Will     .....                  (no boots)
Stlth    +.........             (no amulet)
HPRegen  0.09/turn              (no ring)
MPRegen  0.11/turn              (no ring)

@: no status effects
A: high mp 1
a: no special abilities


You were on level 2 of the Dungeon.
You visited 1 branch of the dungeon, and saw 2 of its levels.

You collected 131 gold pieces.

Inventory:

Hand Weapons
 a - a +0 falchion (weapon)
Missiles
 e - 5 boomerangs of dispersal (quivered)
Armour
 b - a +0 leather armour (worn)
Magical Staves
 l - an uncursed staff of fire
Scrolls
 d - a scroll of blinking
 f - a scroll of enchant weapon {unknown}
 g - a scroll of identify {unknown}
 h - a scroll of teleportation {unknown}
 k - a scroll of fog {unknown}
 m - a scroll of fear {unknown}
 o - a scroll of magic mapping {unknown}
Potions
 c - 2 potions of brilliance {unknown}
 i - 2 potions of heal wounds {unknown}
 j - 2 potions of cancellation {unknown}
 n - a potion of curing {unknown}


   Skills:
 - Level 1.7 Fighting
 + Level 4.0 Long Blades
 - Level 0.8 Throwing
 - Level 0.8 Armour
 - Level 1.7 Dodging
 - Level 1.7 Spellcasting
 - Level 2.6 Translocations


You had 3 spell levels left.
You knew the following spells:

 Your Spells              Type           Power        Failure   Level
a - Blink                 Tloc           N/A          12%         2

Your spell library contained the following spells:

 Spells                   Type           Power        Failure   Level
 Gell's Gravitas          Tloc           5%           24%         3
 Lesser Beckoning         Tloc           5%           24%         3
 Teleport Other           Tloc           10%          24%         3
 Passage of Golubria      Tloc           N/A          63%         4


Dungeon Overview and Level Annotations

Branches:
Dungeon (2/15)


Innate Abilities, Weirdness & Mutations

You have an increased reservoir of magic. (+10% MP)


Message History

c - 2 bubbling white potions (gained 1)
A worm comes into view.
The worm bites you!
You hit the worm.
The worm is moderately wounded.
You hit the worm.
The worm is heavily wounded.
The worm bites you but does no damage.
You hit the worm but do no damage.
The worm is heavily wounded.
The worm bites you.
You hit the worm.
The worm is severely wounded.
The worm bites you!
You hit the worm.
The worm is severely wounded.
You barely miss the worm.
The worm is severely wounded.
The worm bites you!
You die...

#.# #.#.......# #.#
#.#.#####.# # ##.#.# #.#
###.#########....#####.#
....................##.#
##.##..#####....##.##.#
#.##..# ##.#.##.....
#.....# #.#.#####.#
#####@# #.#.......#
####w# #.#########
.....#### #.# #.......#
#.# ## ###.#####.# #.# #.
##.#.# #.# #.########.
##.#..#####.# #.##.......
#.###....##.# #.##.#####.
##.#..##.##.###.##.##....


You could see a worm.

Vanquished Creatures
  2 adders (D:2)
  2 dart slugs (D:1)
  2 leopard geckos
  5 giant cockroaches
  3 goblins
  9 hobgoblins
  4 jackals (D:1)
  5 kobolds
  A ball python (D:1)
  4 bats
  9 frilled lizards
  3 rats (D:1)
49 creatures vanquished.

Notes
Turn   | Place    | Note
-------+----------+-------------------------------------------
     0 | D:1      | hatsuma the Demigod Warper began the quest for the Orb.
     0 | D:1      | Reached XP level 1. HP: 17/17 MP: 5/5
    32 | D:1      | Reached skill level 2 in Long Blades
   162 | D:1      | Reached XP level 2. HP: 24/24 MP: 7/7
   167 | D:1      | Learned a level 2 spell: Blink
   363 | D:1      | Reached skill level 3 in Long Blades
   529 | D:1      | Reached XP level 3. HP: 16/29 MP: 8/8
  1156 | D:1      | Upgraded the game from 0.27-a0-279-gdfb9265905 to
                  | 0.27-a0-287-gd4424db430
  1531 | D:2      | Reached skill level 4 in Long Blades
  1812 | D:2      | Slain by a worm

Illustrated notes

Levels and vault maps discovered:
D:1:      minmay_arrival_wavy_path, layout_rooms
D:2:      layout_loops_corners, minmay_unequal

Skill      XL: |  1  2  3 |
---------------+----------+-----
Long Blades    | 2 3 4 |  4.0
Fighting       | |  1.7
Throwing       | |  0.8
Armour         | |  0.8
Dodging        | |  1.7
Spellcasting   | |  1.7
Translocations | |  2.6

Action                   || total
-------------------------++-------
Melee: Falchion          ||   157
 Stab: Sleeping          ||     1
Armor: Leather armour    ||    41
Dodge: Dodged            ||    93
       Rpst.: Falchion   ||    27

Table legend: (Time is in decaauts)
 A = Elapsed time spent in this place.
 B = Non-inter-level travel time spent in this place.
 C = Inter-level travel time spent in this place.
 D = Time resting spent in this place.
 E = Time spent auto-exploring this place.
 F = Levels seen in this place.
 G = Mean time per level.
                   A        B        C        D        E       F      G
               +--------+--------+--------+--------+--------+-----+--------+
         Total |   1832 |   1782 |     50 |    668 |    419 |   2 |  916.0 |
       Dungeon |   1832 |   1782 |     50 |    668 |    419 |   2 |  916.0 |
               +--------+--------+--------+--------+--------+-----+--------+

Top non-repeatable levels by time:
     D:1: 1190 daAuts
     D:2: 641 daAuts
